 Dungeon Crawl Stone Soup version 0.30-a0-23-ge60ba3568b (webtiles) character file.

Game seed: 15957854292713874279

124 captainnarwhal the Chopper (level 5, -1/47 HPs)
             Began as a Hill Orc Berserker on Aug 25, 2022.
             Was a Believer of Trog.
             Slain by a gnoll sergeant
             ... wielding the +8 trident of Terra Nullius {vamp, rElec rPois rF+}
              (7 damage)
             ... on level 3 of the Dungeon.
             The game lasted 00:18:31 (2864 turns).

captainnarwhal the Chopper (Hill Orc Berserker)     Turns: 2864, Time: 00:18:32

Health: -1/47      AC:  5    Str: 20    XL:     5   Next: 8%
Magic:  5/5        EV: 11    Int:  7    God:    Trog [**....]
Gold:   50         SH:  0    Dex: 12    Spells: 4/4 levels left

rFire   + . .      SeeInvis +    h - +1 dagger (drain)
rCold   x . .      Faith    .    (no shield)
rNeg    . . .      Spirit   .    f - +0 ring mail
rPois   .          Reflect  .    (no helmet)
rElec   .          Harm     .    (no cloak)
rCorr   .          Rampage  .    (no gloves)
Will    .....                    (no boots)
Stlth   +.........               (no amulet)
HPRegen 0.15/turn                s - ring of see invisible
MPRegen 0.09/turn                r - ring of fire

@: on berserk cooldown, slowed, very slow
A: no striking features
a: Renounce Religion, Berserk, Trog's Hand


You were on level 3 of the Dungeon.
You worshipped Trog.
Trog was pleased with you.
You visited 1 branch of the dungeon, and saw 3 of its levels.

You collected 50 gold pieces.

Inventory:

Hand Weapons
 a - a +0 hand axe
 h - a +1 dagger of draining (weapon)
 i - a +0 sling
Missiles
 c - 22 stones
Armour
 b - a +0 animal skin
 e - a +0 leather armour
 f - a +0 ring mail (worn)
Jewellery
 p - a ring of resist corrosion
 r - a ring of fire (right hand)
 s - a ring of see invisible (left hand)
Scrolls
 d - 2 scrolls of identify {unknown}
 g - a scroll of blinking {unknown}
 j - a scroll of fog {unknown}
 l - a scroll of immolation {unknown}
 m - 3 scrolls of enchant armour {unknown}
 o - a scroll of amnesia {unknown}
Potions
 k - a potion of haste {unknown}
 n - a potion of invisibility {unknown}
 q - a potion of might {unknown}


   Skills:
 + Level 4.4 Fighting
 + Level 1.0 Short Blades
 + Level 4.9 Axes
 + Level 3.2 Armour
 + Level 2.5 Dodging


You had 4 spell levels left.
You didn't know any spells.
Your spell library contained the following spells:

 Spells                   Type           Power      Damage    Failure   Level
 Dazzling Flash           Conj/Hex       0%         N/A       93%         3
 Iskenderun's Mystic Bla  Conj/Tloc      0%         2d3       100%        4
 Starburst                Conj/Fire      0%         6d3       100%        6


Dungeon Overview and Level Annotations

Branches:
Dungeon (3/15)

Altars:

Annotations:
D:3 1 transporter


Message History

You hit the gnoll.
The gnoll is heavily wounded.
You hit the gnoll. You drain the gnoll.
You kill the gnoll!
Trog accepts your kill.
A gnoll comes into view. It is wielding a +0 halberd.
You have reached level 5!
You feel stronger.
Found a transporter.
The gnoll barely misses you.
The gnoll sergeant hits you with the +8 trident of Terra Nullius {vamp, rElec rPois rF+}!
There is an open translucent door, spattered with blood here.
Items here: ( )) / ††.
You barely miss the gnoll sergeant. The gnoll sergeant blocks your attack.
The gnoll sergeant hits you with the +8 trident of Terra Nullius {vamp, rElec rPois rF+}!
The gnoll completely misses you.
You completely miss the gnoll sergeant. The gnoll sergeant closely misses you.
The gnoll hits you from afar with a +0 halberd!
You hit the gnoll sergeant but do no damage.
You drain the gnoll sergeant.
The gnoll sergeant is lightly wounded.
You are too berserk!
You are too berserk!
You hit the gnoll sergeant.
The gnoll sergeant is moderately wounded.
The gnoll barely misses you.
The gnoll sergeant hits you with the +8 trident of Terra Nullius {vamp, rElec rPois rF+}.
* * * LOW HITPOINT WARNING * * *
You are no longer berserk.
You are exhausted.
You feel yourself slow down.
The gnoll sergeant hits you from afar with the +8 trident of Terra Nullius {vamp, rElec rPois rF+}!
* * * LOW HITPOINT WARNING * * *
The gnoll sergeant draws strength from your wounds!
There is a transporter landing site here.
The gnoll shouts!
The gnoll sergeant barely misses you. The gnoll sergeant barely misses you.
The gnoll sergeant hits you from afar with the +8 trident of Terra Nullius {vamp, rElec rPois rF+}!
You die...

#. ##.###≈≈.# #.
$#.#..≈≈.# ##. #.##.≈≈.# .
.. #..#.≈≈.# .≈≈
#.#####.##.≈≈.##
.≈≈..#.#8⌠8#g#......#
.~~.©#gg.©.+.#©.....#
.≈≈..#.#P.P#.#......# .≈≈
#.##@##.##.≈≈..# .
≈.#©.#P.P#..#.≈≈..#
≈.##.'...+.##.≈≈..#
.#.#PgP#.#..≈≈..#
#.#.≈≈###.##'##.###≈≈..#
####.#.≈≈#... ...
...#≈≈..#
......≈≈##.###.###.##≈≈..#
#....≈≈#..#8###8#..#≈≈..#
+....≈≈####.....####≈≈..#


You could see a gnoll sergeant (drained) and 3 gnolls.

Vanquished Creatures
  An orc priest (D:3)
  2 gnolls (D:3)
  2 adders (D:2)
  A worm (D:2)
  3 orcs (D:3)
  5 endoplasms
  2 goblins
  4 hobgoblins
  6 jackals (D:2)
  6 kobolds
  3 quokkas
  4 ball pythons
  6 bats
  2 frilled lizards (D:1)
  3 rats
50 creatures vanquished.

Notes
Turn   | Place    | Note
-------+----------+-------------------------------------------
     0 | D:1      | captainnarwhal the Hill Orc Berserker began the quest for
                  | the Orb.
     0 | D:1      | Reached XP level 1. HP: 19/19 MP: 1/1
   244 | D:1      | Found a faded altar of an unknown god.
   435 | D:1      | Reached XP level 2. HP: 16/27 MP: 2/2
  1354 | D:2      | Reached XP level 3. HP: 5/33 MP: 3/3
  2088 | D:2      | Reached ** piety under Trog
  2249 | D:2      | Reached XP level 4. HP: 31/40 MP: 4/4
  2703 | D:3      | Reached skill level 1 in Short Blades
  2753 | D:3      | Identified the +8 trident of Terra Nullius {vamp, rElec
                  | rPois rF+}
  2753 | D:3      | Noticed a gnoll sergeant
  2813 | D:3      | Found a transporter.
  2855 | D:3      | Reached XP level 5. HP: 47/47 MP: 5/5
  2855 | D:3      | Found a transporter.
  2864 | D:3      | Slain by a gnoll sergeant

Illustrated notes

Levels and vault maps discovered:
D:1:      evilmike_arrival_rings, layout_basic, ebering_ecumenical_altar_webs
D:2:      layout_basic
D:3:      layout_basic, evilmike_ruin_ashenzari, gammafunk_ghost_gnarly_gnolls,
          st_stairs_13, minmay_misc_feat_nine_boxes

Skill      XL: |  1  2  3  4 |
---------------+-------------+-----
Dodging        | 2 |  2.5
Fighting       | 4 |  4.4
Short Blades   | 1 |  1.0
Armour         | 3 |  3.2
Axes           | |  4.9

Action                   |  1- 3 |  4- 6 || total
-------------------------+-------+-------++-------
Melee: Hand axe          |    20 |       ||    20
       Punch             |     2 |       ||     2
       Dagger            |    91 |    51 ||   142
Throw: Stone             |     1 |       ||     1
Invok: Berserk           |     1 |     2 ||     3
  Use: Potion            |     1 |       ||     1
Armor: Animal skin       |     6 |       ||     6
       Ring mail         |    47 |    16 ||    63
Dodge: Dodged            |    94 |    38 ||   132

Table legend: (Time is in decaauts)
 A = Elapsed time spent in this place.
 B = Non-inter-level travel time spent in this place.
 C = Inter-level travel time spent in this place.
 D = Time resting spent in this place.
 E = Time spent auto-exploring this place.
 F = Levels seen in this place.
 G = Mean time per level.
                   A        B        C        D        E       F      G
               +--------+--------+--------+--------+--------+-----+--------+
         Total |   2886 |   2884 |      2 |    727 |   1038 |   3 |  962.0 |
       Dungeon |   2886 |   2884 |      2 |    727 |   1038 |   3 |  962.0 |
               +--------+--------+--------+--------+--------+-----+--------+

Top non-repeatable levels by time:
     D:2: 1337 daAuts
     D:1: 1337 daAuts
     D:3: 211 daAuts
